Map: Habitation Station LE (Void)

Players

Stephano - Winner!

  • Race: Zerg Zerg
  • Spawn Location: 11:00

MarineLorD

  • Race: Terran Terran
  • Spawn Location: 1:00

Event: WESG 2016 Finals

VOD

Have the link to the VOD?

Description

Time

  • Played on: Jan. 13, 2017, 11:19 p.m.
  • Length: 9:57

All games in this series

Show
View Real Time Build Order
Export as new Build Order

Stephano Zerg - Winner!

Build Orders: Pool Only, Ravager All-In 

Get SALT Encoding   

  12  0:17  Spawning Pool  
  11  0:22  Drone  
  11  0:26  Drone  
  13  0:30  Drone  
  14  0:36  Extractor  
  14  0:38  Drone  
  14  0:45  Extractor, Drone  
  14  1:05  Drone, Roach Warren  
  14  1:10  Overlord  
  14  1:29  Overlord  
  14  1:45  Roach x2  
  18  1:50  Roach  
  20  2:00  Roach  
  22  2:05  Ravager x2  
  24  2:10  Ravager  
  25  2:19  Roach  
  27  2:30  Overlord  
  27  2:40  Ravager  
  27  2:42  Ravager  
  29  2:55  Roach x2  
  30  3:06  Roach  
  32  3:15  Roach  
  34  3:24  Ravager  
  35  3:31  Ravager  
  36  3:51  Roach x2  
  37  3:56  Overlord  
  37  3:59  Ravager  
  37  4:10  Roach  
  37  4:17  Roach  
Show
View Real Time Build Order
Export as new Build Order

MarineLorD Terran 

Build Orders: Reaper Expand 

Get SALT Encoding   

  12  0:00  SCV  
  13  0:12  SCV  
  14  0:17  Supply Depot  
  14  0:24  SCV  
  15  0:38  SCV  
  15  0:40  Barracks  
  16  0:45  Refinery  
  16  0:50  SCV  
  17  1:02  SCV  
  18  1:15  SCV  
  19  1:27  Orbital Command  
  19  1:28  Reaper  
  20  1:38  Command Center  
  20  1:52  SCV  
  21  1:54  Supply Depot  
  21  2:00  Reaper  
  22  2:04  SCV  
  23  2:16  SCV  
  24  2:22  Factory  
  24  2:29  SCV  
  25  2:39  Marine  
  25  2:41  SCV  
  27  2:45  Bunker  
  27  2:48  Command Center  
  27  2:53  SCV  
  28  2:59  Marine  
  28  3:06  Cyclone  
  28  3:08  Orbital Command  
  28  3:12  Supply Depot  
  30  3:26  Supply Depot  
  29  3:29  SCV  
  29  3:36  Barracks  
  27  3:45  SCV  
  23  3:58  SCV  
  18  4:10  Barracks, SCV  
  18  4:22  SCV  
Tags
 
Add a new tag
Caveats
  • Supply blocks, unpowered buildings, or Contaminate may cause inaccurate times.
  • Supply counts are checked every 10 seconds.